 Dungeon Crawl Stone Soup version 0.29.1-1-gd02db6906a (webtiles) character file.

Game seed: 8352093203309233481

674 croobank the Ducker (level 7, -2/33 HPs)
             Began as a Felid Summoner on Oct 3, 2022.
             Was an Initiate of Gozag.
             Killed by an exploding themself (24 damage)
             ... ignited by their inner flame
             ... on level 6 of the Dungeon.
             The game lasted 01:02:54 (7365 turns).

croobank the Ducker (Felid Summoner)                Turns: 7365, Time: 01:02:55

Health: -2/33      AC:  2    Str:  4    XL:     7   Next: 33%
Magic:  3/15       EV: 20    Int: 19    God:    Gozag
Gold:   460        SH:  0    Dex: 16    Spells: 2/15 levels left
                                        Lives:  0   Deaths: 2

rFire   . . .      SeeInvis +   (weapon unavailable)
rCold   . . .      Faith    .   (shield unavailable)
rNeg    . . .      Spirit   .   (body armour unavailable)
rPois   .          Reflect  .   (helmet unavailable)
rElec   .          Harm     .   (cloak unavailable)
rCorr   .          Rampage  .   (gloves unavailable)
Will    +....                   (boots unavailable)
Stlth   ++........              (no amulet)
HPRegen 0.11/turn               (no ring)
MPRegen 0.14/turn               (no ring)

@: quick
A: very small, claws 1, fangs 3, see invisible, speed 1, shaggy fur 2, stealthy
paws, no weapons or thrown items, no armour, multi-lived
a: Renounce Religion, Potion Petition, Call Merchant, Bribe Branch


You were on level 6 of the Dungeon.
You worshipped Gozag.
Gozag was aware of your devotion.
You visited 2 branches of the dungeon, and saw 7 of its levels.
You also visited: Sewer.

You collected 530 gold pieces.
You paid 70 gold pieces to Gozag.

Inventory:

Wands
 h - a wand of digging (4)
Scrolls
 e - a scroll of amnesia {unknown}
 f - a scroll of teleportation
 i - 2 scrolls of poison
 q - 4 scrolls of magic mapping
 u - a scroll of fear
Potions
 a - 2 potions of brilliance
 b - a potion of mutation
 c - 3 potions of magic
 d - 3 potions of invisibility {unknown}
 k - a potion of lignification {unknown}
 m - 3 potions of cancellation
 n - 2 potions of ambrosia {unknown}
 o - 2 potions of berserk rage {unknown}
 p - 2 potions of haste {unknown}
 s - 2 potions of curing {unknown}


   Skills:
 + Level 4.5 Fighting
 + Level 6.8 Dodging
 - Level 2.6 Stealth
 + Level 4.7 Spellcasting
 - Level 5.0 Hexes
 + Level 6.3 Summonings


You had 2 spell levels left.
You knew the following spells:

 Your Spells              Type           Power      Damage    Failure   Level
a - Summon Small Mammal   Summ           100%       N/A       1%          1
b - Call Imp              Summ           28%        N/A       1%          2
c - Call Canine Familiar  Summ           28%        N/A       3%          3
d - Summon Guardian Gole  Hex/Summ       25%        N/A       3%          3
e - Summon Lightning Spi  Summ/Air       16%        N/A       34%         4

Your spell library contained the following spells:

 Spells                   Type           Power      Damage    Failure   Level
 Freeze                   Ice            16%        1d4       13%         1
 Wereblood                Tmut           4%         N/A       19%         2
 Frozen Ramparts          Ice            8%         1d2       36%         3
 Ignite Poison            Fire/Tmut/Pois 4%         N/A       36%         3
 Teleport Other           Tloc           4%         N/A       36%         3
 Hailstorm                Conj/Ice       4%         3d4       77%         4
 Dragon Form              Tmut           2%         N/A       100%        7
 Necromutation            Tmut/Necr      2%         N/A       100%        8


Dungeon Overview and Level Annotations

Branches:
Dungeon (6/15)             Temple (1/1) D:4           Sewer (visited)

Altars:
Ashenzari
Cheibriados
Dithmenos
Elyvilon
Gozag
Hepliaklqana
Okawaru
Qazlal
Ru
Sif Muna
Uskayaw
Vehumet
Xom
Zin
The Shining One

Shops:
D:3 (*(*


Innate Abilities, Weirdness & Mutations

You have sharp claws.
You have razor-sharp teeth.
You have supernaturally acute eyesight. (SInv)
You cover ground quickly. (Speed+)
You are covered in thick fur. (AC +2)
Your paws help you pounce on unaware monsters.
You are incapable of wielding weapons or throwing items.
You cannot wear armour.
You gain extra lives every three experience levels.


Message History

The soul eater draws from the surrounding life force!
The kobold demonologist closely misses your hound.
Your hound closely misses the kobold demonologist.
Your hound bites the kobold demonologist.
The ice devil hits your guardian golem.
The ice devil freezes your guardian golem.
Your guardian golem resists.
The soul eater hits your hound!
The kobold demonologist mumbles some strange words.
What are your orders? t - Meow!
Orders for allies: a - Attack new target. p - Attack previous target. r - Retreat! s - Stop attacking. g - Guard the area. f - Follow me.
Anything else - Cancel.
Gang up on whom?
Press: ? - help, Dir - move target, f/p - kobold demonologist
Aim: a kobold demonologist, wielding a +0 dagger and wearing a +0 robe (severely wounded, not watching you, ally target) Attack!
Your hound bites the kobold demonologist.
Your guardian golem overheats!
The ice devil hits your guardian golem. Flame seeps out of your guardian golem.
The ice devil freezes your guardian golem!
Your guardian golem resists.
Flame seeps out of your guardian golem. The soul eater hits your hound!!
Flame seeps out of your guardian golem.
The kobold demonologist hits your hound with a +0 dagger.
Your hound dies!
Your hound's corpse disappears in a puff of smoke!
Flame seeps out of your guardian golem.
Your guardian golem is engulfed in blazing flames.
Your guardian golem disappears in a puff of smoke!
Your guardian golem explodes!
The fiery explosion engulfs the ice devil!!
The ice devil is burned terribly!
The fiery explosion engulfs the soul eater!!
The fiery explosion engulfs you!!
Ouch! That really hurt!
You die...
Your body crumbles into a pile of gold.

...5....##.#####..#####....##....
#.....#.....###...# #.....#....
###..##......##..## ##..........
#..#.#.........## #......###..
#....#..........####......###..
#..............5...............
####....#......43K..............#
#.......#......§○§............##.
#..............§@§..#............
#.....##..##.......####.#...##...
####.......#.##....# ###...##...
#..[##..........# ###...#..
#####..............# #...#..
..#.#......##.....## #####.....
.............(..[## #.###.....
...#.............# ##........#
##.####.......#### #..........


You could see a soul eater (summoned), an ice devil (summoned), a kobold
demonologist and a white imp (summoned).

Vanquished Creatures
  A hound (D:6)
  An orc wizard (D:3)
  A river rat (Sewer)
  2 adders
  A white imp (D:5)
  A giant cockroach (D:3)
  A goblin (D:1)
  A hobgoblin (D:3)
  A quokka (D:4)
  A ball python (D:1)
  A bat (D:3)
  A frilled lizard (Sewer)
  A rat (D:2)
14 creatures vanquished.

Vanquished Creatures (collateral kills)
  Menkaure (D:5)
  A sky beast (D:5)
  A phantom (D:5)
  3 scorpions
  A howler monkey (D:3)
  2 hounds (D:6)
  3 jellies (Sewer)
  An iron imp (D:3)
  An iguana (D:5)
  3 orc wizards
  4 gnolls (D:3)
  5 adders
  5 river rats
  A worm (Sewer)
  3 dart slugs (D:1)
  11 orcs
  4 bats
  9 endoplasms
  8 giant cockroaches
  5 goblins
  3 hobgoblins
  4 jackals (D:3)
  2 quokkas
  7 ball pythons
  6 frilled lizards
  9 kobolds
  12 rats
115 creatures vanquished.

Vanquished Creatures (others)
  Sigmund (D:2)
  An ice beast (D:6)
2 creatures vanquished.

Grand Total: 131 creatures vanquished

Notes
Turn   | Place    | Note
-------+----------+-------------------------------------------
     0 | D:1      | croobank the Felid Summoner began the quest for the Orb.
     0 | D:1      | Reached XP level 1. HP: 7/7 MP: 4/4
   392 | D:1      | Reached XP level 2. HP: 12/12 MP: 3/6
   418 | D:1      | Found a faded altar of an unknown god.
   431 | D:1      | Learned a level 2 spell: Call Imp
   732 | D:1      | Reached skill level 1 in Fighting
  1010 | D:1      | Reached XP level 3. HP: 15/15 MP: 2/7
  1111 | D:1      | Learned a level 3 spell: Call Canine Familiar
  1692 | D:2      | Noticed Sigmund
  1981 | D:3      | Reached XP level 4. HP: 17/19 MP: 3/8
  2020 | D:3      | Found Kiazel's Weapon Shop.
  2037 | D:3      | Found a glowing drain.
  2054 | Sewer    | Entered a sewer
  2086 | Sewer    | Gained mutation: You are weak. (Str -2) [potion of
                  | mutation]
  2086 | Sewer    | Lost mutation: You are weak. (Str -2) [potion of mutation]
  2088 | Sewer    | Identified a scroll of acquirement
  2088 | Sewer    | Acquired the Tome of Shifting Transformation
  2092 | Sewer    | Succumbed to an adder's poison
  2093 | Sewer    | Reached XP level 3. HP: -1/16 MP: 1/8
  2370 | Sewer    | Reached XP level 4. HP: 19/19 MP: 1/9
  2461 | Sewer    | Identified the +1 pair of gloves of the Jolly Bones {rPois
                  | Str+4 Int+6}
  2594 | Sewer    | Reached XP level 5. HP: 16/23 MP: 10/10
  2598 | Sewer    | Learned a level 3 spell: Summon Guardian Golem
  2701 | Sewer    | Found a viscous altar of Jiyva.
  2800 | Sewer    | Reached skill level 5 in Summonings
  2939 | D:3      | Found a snail-covered altar of Cheibriados.
  3251 | D:3      | Found Ziobu's Assorted Antiques.
  3343 | D:3      | Found a glowing golden altar of the Shining One.
  3376 | D:3      | Reached skill level 1 in Hexes
  3376 | D:3      | Gained mutation: You are covered in thick fur. (AC +2)
                  | [Felid growth]
  3376 | D:3      | Reached XP level 6. HP: 27/27 MP: 3/12
  3523 | D:3      | Reached skill level 5 in Dodging
  3676 | D:3      | Found Isteco Tauw's Assorted Antiques.
  3712 | D:3      | Found Bitayskay's Antique Weapon Shop.
  3767 | D:3      | Found a shimmering blue altar of Sif Muna.
  3767 | D:3      | Found an iron altar of Okawaru.
  4301 | D:2      | Killed Sigmund
  4302 | D:2      | Reached XP level 7. HP: 31/31 MP: 4/13
  5323 | D:4      | Found a staircase to the Ecumenical Temple.
  5331 | Temple   | Entered the Ecumenical Temple
  5372 | Temple   | Became a worshipper of Gozag Ym Sagoz the Greedy
  5440 | D:4      | Found a stormy altar of Qazlal.
  5767 | D:4      | Learned a level 4 spell: Summon Lightning Spire
  5779 | D:5      | Entered Level 5 of the Dungeon
  6088 | D:5      | Noticed Menkaure
  6102 | D:5      | Killed Menkaure
  6480 | D:5      | Reached XP level 8. HP: 36/36 MP: 8/15
  6753 | D:6      | Found a shimmering altar of Xom.
  6997 | D:6      | Reached skill level 5 in Hexes
  7046 | D:6      | Found a hazy altar of Hepliaklqana.
  7231 | D:6      | Noticed a kobold demonologist
  7266 | D:6      | Noticed an orange demon
  7290 | D:6      | Slain by an orange demon
  7291 | D:6      | Reached XP level 7. HP: -3/33 MP: 5/15
  7355 | D:6      | Noticed a soul eater
  7356 | D:6      | Noticed an ice devil
  7365 | D:6      | Killed by an exploding themself... ignited by their inner
                  | flame

Illustrated notes

Levels and vault maps discovered:
D:1:      nicolae_arrival_somewhat_less_tricky_arrival, layout_loops_ring,
          ebering_ecumenical_altar_abandoned
D:2:      layout_basic, grunt_ministairs_10, minmay_small_reverse_x,
          uniq_sigmund
D:3:      layout_loops_ring, slow_altar_1,
          mainiacjoe_overflow_concentric_impassable, jmf_multi_god_temple,
          serial_shops, shop, nicolae_diamond_shop, shop, shop,
          portal_sewer_entry_b
D:4:      layout_rooms, grunt_qazlal_clouds, minmay_temple_entry_glassed_door
D:5:      wad_pebble_path, layout_gridville, uniq_menkaure
D:6:      layout_cave_pools, kennysheep_mini_moat, overflow_temple_1_default,
          nicolae_hepliaklqana_hazy_memory
Temple:   jpeg_temple_alley_garden

Skill      XL: |  1  2  3  4  5  6  7  8 |
---------------+-------------------------+-----
Dodging        | 3 4 5 6 |  6.8
Fighting       | 1 2 3 4 |  4.5
Spellcasting   | 3 4 |  4.7
Summonings     | 5 6 |  6.3
Hexes          | 1 2 4 5 |  5.0
Stealth        | |  2.6

Action                   |  1- 3 |  4- 6 |  7- 9 || total
-------------------------+-------+-------+-------++-------
Melee: Unarmed           |    23 |    45 |    29 ||    97
       Bite              |     2 |     4 |     6 ||    12
       Punch             |       |     2 |       ||     2
 Cast: Summon Small Mamm |    64 |    39 |    42 ||   145
       Call Imp          |    17 |    13 |    13 ||    43
       Call Canine Famil |     8 |    18 |    20 ||    46
       Summon Guardian G |       |     1 |     8 ||     9
  Use: Potion            |     1 |     2 |       ||     3
       Scroll            |       |     4 |     8 ||    12
 Stab: Distracted        |       |     2 |       ||     2
Armor: Skin              |     1 |     6 |     4 ||    11
Dodge: Dodged            |    34 |    72 |    62 ||   168
